Map: Automaton LE

Players

Clem - Winner!

  • Race: Terran Terran
  • Spawn Location: 3:00

Zanster

  • Race: Zerg Zerg
  • Spawn Location: 9:00

Event: 2019 WCS Spring

VOD

Have the link to the VOD?

Description

Time

  • Played on: May 18, 2019, 10:28 a.m.
  • Length: 16:28

All games in this series

Show
View Real Time Build Order
Export as new Build Order

Clem Terran - Winner!

Build Orders: Gas First Reaper Expand, Hellion Banshee, Mech 

Get SALT Encoding   

  12  0:00  SCV  
  13  0:12  SCV  
  14  0:18  Supply Depot  
  14  0:24  SCV  
  15  0:29  Refinery  
  15  0:39  SCV  
  16  0:46  Barracks  
  16  0:52  SCV  
  17  1:04  SCV  
  18  1:16  SCV  
  19  1:33  Reaper, Orbital Command  
  20  1:45  Command Center  
  20  1:56  Factory  
  20  2:00  SCV  
  21  2:08  Barracks Reactor  
  21  2:12  SCV  
  21  2:15  Supply Depot  
  22  2:19  Refinery  
  22  2:25  SCV  
  23  2:37  SCV  
  24  2:47  Starport  
  24  2:49  SCV  
  25  2:52  Hellion  
  25  2:54  Hellion  
  29  3:01  SCV, Orbital Command  
  29  3:04  Barracks Tech Lab  
  30  3:14  SCV  
  30  3:18  Hellion x2  
  35  3:26  SCV  
  36  3:30  Cloaking Field  
  36  3:39  SCV  
  37  3:43  Banshee, Supply Depot  
  37  3:45  Hellion x2  
  37  3:48  SCV  
  45  3:55  Marine  
  46  4:03  Supply Depot  
  46  4:04  SCV  
  46  4:05  SCV  
  48  4:11  Hellion x2  
  48  4:14  Armory  
  52  4:18  SCV x2  
  54  4:26  Supply Depot, Banshee  
  57  4:33  SCV, Hellion x2  
  62  4:41  Supply Depot  
  62  4:48  SCV x2  
  62  4:52  Command Center  
  64  4:56  Hellion  
  64  4:59  Hellion  
  68  5:00  SCV  
  69  5:07  Refinery  
  69  5:08  SCV, Refinery  
  69  5:11  Banshee  
  72  5:16  SCV  
  72  5:20  SCV  
  72  5:27  Barracks Tech Lab  
  70  5:29  Factory x2  
  70  5:32  Hellion  
  70  5:34  Hellion  
  74  5:39  SCV  
  66  5:44  Terran Vehicle And Ship Armor Level 1  
  62  5:52  Supply Depot  
  62  5:53  Hellion  
  62  5:55  Hellion  
  62  5:57  Banshee  
  62  6:02  SCV x2  
  65  6:05  Orbital Command  
  65  6:07  Barracks Reactor  
  65  6:14  Factory Tech Lab  
  65  6:16  SCV x2  
  67  6:23  Siege Tank  
  67  6:24  Mag-Field Accelerator  
  70  6:26  Hellion x2  
  70  6:28  Orbital Command  
  70  6:30  SCV x2  
  76  6:39  Siege Tank, Supply Depot  
  79  6:42  SCV x2  
  81  6:49  Supply Depot  
  81  6:51  Supply Depot  
  81  6:54  SCV  
  81  6:58  SCV  
  81  6:59  Factory x2  
  81  7:00  SCV, Engineering Bay  
  84  7:03  Refinery  
  84  7:04  Cyclone  
  84  7:07  Hellion x2, Refinery  
  91  7:11  SCV  
  91  7:13  SCV x2  
  94  7:19  Cyclone, Supply Depot  
  94  7:21  Supply Depot  
  97  7:23  SCV  
  97  7:27  SCV  
  99  7:34  Missile Turret  
  99  7:35  Missile Turret  
  97  7:38  Missile Turret  
  97  7:39  Missile Turret  
  97  7:42  Cyclone  
  98  7:44  Factory Tech Lab  
  98  7:45  Cyclone  
  98  7:49  Terran Vehicle And Ship Armor Level 2  
  95  7:56  Cyclone  
  94  8:01  Hellion x2  
  94  8:03  SCV x2  
  94  8:04  SCV  
  99  8:09  Cyclone  
  102  8:15  SCV x2  
  102  8:16  SCV  
  102  8:17  Missile Turret  
  105  8:20  Cyclone x2  
  105  8:23  Hellion  
  113  8:28  Cyclone  
  113  8:29  SCV x3  
  117  8:36  Hellion  
  119  8:42  Command Center  
  119  8:46  Cyclone  
  122  8:50  Hellion  
  122  8:52  Cyclone  
  127  8:58  Supply Depot  
  127  8:59  Hellion, Supply Depot  
  127  9:00  SCV x3  
  132  9:03  Liberator x2  
  132  9:05  Armory  
  132  9:08  Cyclone  
  135  9:10  Cyclone  
  135  9:12  SCV  
  145  9:24  Cyclone  
  145  9:27  Supply Depot  
  147  9:33  Supply Depot  
  147  9:34  Infernal Pre-Igniter, Supply Depot  
  141  9:42  Smart Servos  
  141  9:43  Drilling Claws  
  140  9:46  Widow Mine x2  
  140  9:50  Cyclone  
  147  9:57  SCV  
  147  9:58  SCV x2  
  146  10:02  Terran Vehicle Weapons Level 1  
  146  10:07  Missile Turret  
  146  10:09  Missile Turret  
  146  10:10  Missile Turret  
  146  10:12  Terran Vehicle And Ship Armor Level 3  
  146  10:15  SCV x2  
  146  10:16  SCV  
  149  10:21  Planetary Fortress  
  149  10:28  Cyclone x2  
  153  10:33  SCV x2, Cyclone  
  153  10:34  SCV  
  159  10:45  SCV, Refinery  
  159  10:46  SCV x2, Hellion x2, Cyclone  
  159  10:47  Refinery  
  167  10:57  SCV  
  167  10:58  SCV x2  
  167  10:59  SCV  
  167  11:00  Cyclone  
  167  11:03  Cyclone  
  173  11:05  Cyclone  
  173  11:06  Missile Turret  
  173  11:09  SCV  
  173  11:10  SCV  
  173  11:11  SCV  
  179  11:12  SCV  
  178  11:18  Cyclone  
  178  11:21  SCV  
  178  11:22  SCV, Hellion  
  178  11:23  SCV  
  178  11:24  SCV  
  179  11:28  Missile Turret  
  179  11:31  Liberator  
  179  11:32  Cyclone  
  182  11:34  SCV x2, Hellion, Missile Turret  
  182  11:39  Command Center  
  183  11:54  Cyclone x2  
  189  12:00  Supply Depot  
  189  12:01  SCV  
  190  12:05  Terran Vehicle Weapons Level 2  
  190  12:07  Cyclone  
  190  12:08  Factory Tech Lab  
  190  12:11  Widow Mine x2  
  190  12:12  Viking  
  165  12:15  SCV x2  
  165  12:16  SCV  
  165  12:17  SCV  
  164  12:26  Cyclone x2  
  167  12:33  Factory x2  
  167  12:39  Cyclone  
  167  12:40  Cyclone  
  172  12:48  Widow Mine x2  
  176  12:54  Liberator x2  
  176  12:55  Missile Turret  
  176  12:56  Missile Turret  
  176  12:58  Cyclone  
  179  12:59  Command Center  
  179  13:05  Terran Ship Weapons Level 1  
  179  13:09  Hellion x2  
  179  13:10  Refinery  
  179  13:12  Cyclone  
  192  13:14  Cyclone, Refinery  
  192  13:17  Factory Tech Lab  
  192  13:18  Factory Tech Lab  
  195  13:21  SCV x3  
  195  13:23  SCV  
  192  13:33  SCV  
  190  13:37  Cyclone  
  190  13:38  Missile Turret  
  190  13:40  Missile Turret, Hellion  
  190  13:41  Missile Turret  
  184  13:42  Cyclone  
  186  13:49  Liberator  
  186  13:50  Missile Turret x2  
  186  13:51  SCV  
  186  13:53  Liberator  
  184  14:03  Cyclone x2  
  184  14:08  Planetary Fortress  
  189  14:25  Hellion  
  189  14:27  Cyclone  
  192  14:31  Liberator  
  192  14:34  Missile Turret, Cyclone  
  192  14:35  Missile Turret  
  192  14:36  Liberator  
  192  14:37  Cyclone  
  192  14:38  Missile Turret  
  195  14:44  Cyclone  
  195  14:45  Hellion  
  196  14:55  Orbital Command, Command Center  
  196  14:59  Cyclone  
  176  15:01  Cyclone  
  176  15:04  Cyclone  
  158  15:08  Cyclone  
  153  15:14  Cyclone, Liberator  
  153  15:19  Liberator  
  153  15:20  Hellion x3  
  157  15:39  Cyclone x2  
  157  15:41  Hellion x2  
  170  15:47  Cyclone x2  
  176  15:51  Cyclone  
  168  16:02  Hellion x2  
  177  16:25  Command Center  
  184  16:26  Command Center  
Show
View Real Time Build Order
Export as new Build Order

Zanster Zerg 

Build Orders: Hatch First 

Get SALT Encoding   

  12  0:00  Drone  
  13  0:13  Overlord  
  13  0:18  Drone  
  14  0:32  Drone x2  
  16  0:49  Hatchery  
  15  0:52  Drone  
  15  0:56  Drone  
  17  0:59  Drone  
  18  1:08  Drone  
  19  1:11  Extractor  
  18  1:21  Spawning Pool  
  18  1:22  Drone  
  18  1:30  Drone  
  19  1:40  Drone  
  20  1:51  Drone  
  21  2:08  Queen x2  
  23  2:09  Zergling x4  
  27  2:17  Hatchery  
  27  2:20  Drone  
  27  2:26  Overlord  
  28  2:30  Drone  
  28  2:35  Metabolic Boost  
  28  2:45  Drone x3  
  28  2:46  Drone  
  28  2:49  Drone  
  33  2:57  Queen  
  35  3:02  Overlord  
  35  3:05  Drone  
  36  3:20  Drone x6  
  42  3:28  Overlord  
  42  3:29  Drone  
  42  3:32  Queen  
  42  3:33  Drone  
  46  3:40  Queen  
  48  3:43  Drone  
  48  3:46  Lair  
  48  3:48  Extractor  
  48  3:49  Drone  
  48  3:51  Drone  
  48  3:53  Drone  
  51  3:59  Drone x4  
  51  4:00  Drone  
  57  4:06  Drone  
  57  4:07  Roach Warren  
  57  4:08  Drone  
  58  4:15  Extractor  
  58  4:16  Overlord x2  
  57  4:17  Extractor, Drone  
  57  4:23  Zergling x2  
  58  4:26  Overlord  
  58  4:31  Spore Crawler  
  58  4:33  Zergling x2  
  58  4:35  Zergling x4  
  58  4:36  Spore Crawler  
  59  4:40  Drone x2  
  59  4:41  Drone x3  
  59  4:42  Overlord  
  64  4:48  Roach x3  
  64  4:49  Overseer  
  70  4:53  Roach  
  70  4:56  Drone  
  70  4:58  Drone x2  
  75  5:06  Roach  
  83  5:07  Roach x3  
  83  5:10  Overlord  
  80  5:16  Roach x3  
  77  5:25  Queen x2  
  77  5:27  Roach  
  77  5:30  Glial Reconstitution  
  71  5:38  Queen  
  71  5:39  Drone x2  
  75  5:47  Roach x4  
  73  5:53  Drone  
  73  5:54  Drone x4  
  74  5:59  Drone x3  
  74  6:00  Drone  
  78  6:06  Drone  
  78  6:10  Drone x2  
  81  6:13  Spire  
  81  6:16  Extractor  
  81  6:17  Extractor  
  78  6:20  Drone  
  78  6:21  Drone  
  78  6:24  Evolution Chamber  
  79  6:26  Drone x2  
  79  6:31  Overlord  
  81  6:33  Drone x4  
  81  6:34  Extractor  
  81  6:36  Overseer  
  81  6:37  Drone  
  85  6:40  Drone  
  85  6:43  Hatchery, Drone  
  85  6:45  Drone x2  
  88  6:51  Burrow, Zerg Missile Weapons Level 1  
  88  6:52  Tunneling Claws  
  88  6:55  Overlord  
  88  7:00  Roach x2  
  92  7:08  Roach  
  92  7:09  Roach x4  
  92  7:10  Overlord  
  102  7:17  Roach x3  
  102  7:18  Overlord  
  108  7:25  Roach x3  
  108  7:29  Overlord  
  116  7:37  Roach x7  
  116  7:42  Overlord  
  128  7:46  Hatchery  
  128  7:50  Drone x4  
  125  8:06  Mutalisk x7  
  125  8:08  Roach x13  
  125  8:10  Roach x13  
  125  8:11  Drone x5  
  144  8:21  Zerg Flyer Armor Level 1  
  144  8:23  Hatchery  
  133  8:34  Mutalisk  
  133  8:35  Mutalisk x2  
  133  8:36  Overlord  
  133  8:38  Drone  
  133  8:39  Drone x4  
  144  8:43  Queen  
  146  8:50  Extractor  
  146  8:54  Drone x6  
  146  8:55  Drone x2  
  153  8:56  Extractor  
  153  8:58  Zerg Missile Weapons Level 2  
  153  9:00  Drone  
  153  9:01  Drone  
  153  9:02  Drone  
  155  9:03  Evolution Chamber  
  155  9:06  Drone  
  155  9:08  Overseer  
  155  9:09  Pneumatized Carapace  
  155  9:10  Drone  
  155  9:13  Spore Crawler  
  155  9:20  Overlord  
  155  9:21  Overlord x2  
  154  9:28  Overlord  
  154  9:37  Nydus Network  
  151  9:43  Drone  
  151  9:44  Drone x12  
  164  9:49  Drone  
  164  9:53  Infestation Pit  
  164  9:56  Extractor  
  164  9:57  Drone  
  164  9:58  Drone x4  
  164  9:59  Extractor  
  165  10:00  Spore Crawler  
  165  10:01  Overlord  
  165  10:02  Roach x4  
  165  10:03  Roach x3  
  178  10:07  Hydralisk Den  
  177  10:16  Zerg Flyer Weapons Level 1  
  177  10:18  Spire  
  176  10:32  Nydus Canal  
  172  10:43  Hive  
  172  10:50  Roach x10  
  136  11:28  Mutalisk x8  
  136  11:29  Mutalisk x16  
  184  11:35  Zergling x14  
  184  11:36  Roach  
  193  11:45  Roach x2  
  197  11:49  Overlord  
  195  12:00  Overlord  
  192  12:07  Roach  
  171  12:12  Hatchery  
  171  12:14  Mutalisk x10  
  163  12:22  Roach x3  
  157  12:23  Roach x3  
  157  12:37  Roach x6  
  161  12:38  Overseer  
  161  12:43  Hatchery, Drone  
  167  12:45  Greater Spire  
  167  12:46  Zerg Melee Weapons Level 1  
  167  12:49  Overseer  
  167  13:00  Zerg Missile Weapons Level 3  
  167  13:01  Hatchery  
  167  13:02  Drone x7  
  173  13:12  Roach x12  
  193  13:13  Roach x7  
  193  13:18  Nydus Canal  
  195  13:20  Hatchery  
  195  13:24  Roach  
  187  13:36  Overlord  
  149  13:49  Muscular Augments  
  149  13:55  Roach x9  
  147  14:06  Roach  
  147  14:07  Roach x11, Zergling x2  
  147  14:08  Roach x8  
  178  14:15  Roach x2  
  182  14:19  Roach x3  
  185  14:25  Roach x2  
  185  14:26  Roach x6  
  191  14:33  Roach x4  
  186  14:45  Hydralisk x7  
  176  14:50  Roach  
  176  14:51  Roach x4  
  170  15:02  Drone  
  170  15:03  Drone x8  
  170  15:05  Roach x13  
  152  15:09  Drone x9  
  155  15:16  Hatchery  
  146  15:33  Roach x13  
  146  15:36  Viper x5  
  146  15:38  Overseer  
  146  15:39  Overseer  
  161  15:50  Drone x6  
  155  15:57  Hydralisk x4  
  155  15:58  Hydralisk x4  
Tags
 
Add a new tag
Caveats
  • Supply blocks, unpowered buildings, or Contaminate may cause inaccurate times.
  • Supply counts are checked every 10 seconds.